 Dungeon Crawl Stone Soup version 0.28.0-53-g5a82cb258f (webtiles) character file.

Game seed: 14096707436287264357

457 Atelerd the Sneak (level 7, 0/41 HPs)
             Began as an Octopode Earth Elementalist on May 26, 2022.
             Slain by an orc priest
             ... wielding a +0 whip
              (5 damage)
             ... on level 4 of the Dungeon.
             The game lasted 00:03:50 (5352 turns).

Atelerd the Sneak (Octopode Earth Elementalist)     Turns: 5352, Time: 00:03:51

Health: 0/41       AC:  1    Str: 14    XL:     7   Next: 6%
Magic:  7/12       EV: 13    Int: 19    God:
Gold:   134        SH:  0    Dex: 12    Spells: 7/12 levels left

rFire   . . .      SeeInvis .   j - +3 dagger
rCold   . . .      Faith    .   (no shield)
rNeg    . . .      Spirit   .   (helmet restricted)
rPois   .          Reflect  .   (no amulet)
rElec   .          Harm     .   c - +6 ring of strength
rCorr   .          Rampage  .   (no ring)
Will    .....                   (no ring)
Stlth   ++++......              (no ring)
HPRegen 0.13/turn               (no ring)
MPRegen 0.13/turn               (no ring)
                                (no ring)
                                (no ring)

@: no status effects
A: almost no armour, amphibious, 8 rings, camouflage 1, gelatinous body 1,
(nimble swimmer 1), tentacles
a: no special abilities


You were on level 4 of the Dungeon.
You visited 1 branch of the dungeon, and saw 4 of its levels.

You collected 134 gold pieces.

Inventory:

Hand Weapons
 j - a +3 dagger (weapon)
Missiles
 b - 70 stones
Jewellery
 c - a +6 ring of strength (left tentacle)
 h - a ring of flight
Wands
 o - a wand of digging (3)
Scrolls
 a - a scroll of identify {unknown}
 d - a scroll of fear {unknown}
 f - 2 scrolls of teleportation {unknown}
 k - a scroll of enchant weapon {unknown}
 l - a scroll of silence {unknown}
Potions
 e - 4 potions of flight {unknown}
 g - 2 potions of brilliance {unknown}
 i - 2 potions of curing {unknown}
 m - a potion of haste {unknown}
 n - a potion of might {unknown}


   Skills:
 - Level 2.7 Dodging
 - Level 5.0 Stealth
 + Level 3.3 Spellcasting
 * Level 3.9 Transmutations
 * Level 4.7 Earth Magic


You had 7 spell levels left.
You knew the following spells:

 Your Spells              Type           Power      Damage    Failure   Level
a - Sandblast             Erth           42%        2d11      2%          1
p - Petrify               Tmut/Erth      19%        N/A       26%         4

Your spell library contained the following spells:

 Spells                   Type           Power      Damage    Failure   Level
 Passwall                 Tmut/Erth      15%        N/A       3%          2
 Stone Arrow              Conj/Erth      24%        3d8       17%         3


Dungeon Overview and Level Annotations

Branches:
Dungeon (4/15)
 Temple: D:4-7

Altars:
Elyvilon

Shops:
D:1 [

Annotations:
D:3 exclusion: 2 downstairs
D:4 1 runed translucent door


Innate Abilities, Weirdness & Mutations

You cannot wear most types of armour.
You are amphibious.
You can wear up to eight rings at the same time.
Your skin changes colour to match your surroundings (Stealth+).
Your rubbery body absorbs attacks. (AC +1, EV +1)
((You are camouflaged when in or above water. (Stealth+)))
You have tentacles for arms and can constrict up to eight enemies at once.


Message History

The blast of sand hits the orc priest.
The orc priest is severely wounded.
The orc priest invokes the aid of Beogh against you.
Pain shoots through your body!
The blast of sand hits the orc priest but does no damage.
The orc priest is severely wounded.
The orc priest mumbles some strange prayers to Beogh against you.
Pain shoots through your body!
The blast of sand hits the orc priest but does no damage.
The orc priest is severely wounded.
The orc priest closely misses you.
Unknown command.
Unknown command.
Press: ? - help, v - describe, . - travel
Here: an orc priest, wielding a +0 whip and wearing a +0 scale mail (severely wounded)
The floor.
You closely miss the orc priest. You grab the orc priest.
You squeeze the orc priest, but do no damage.
The orc priest is severely wounded.
You constrict the orc priest.
The orc priest invokes the aid of Beogh against you.
Beogh smites you!
Unknown command.
You hit the orc priest but do no damage.
The orc priest is almost dead.
You constrict the orc priest, but do no damage.
The orc priest hits you with a +0 whip.
Unknown command.
You hit the orc priest but do no damage.
The orc priest is almost dead.
You constrict the orc priest. The orc priest hits you with a +0 whip.
Unknown command.
You hit the orc priest but do no damage.
You squeeze the orc priest, but do no damage.
The orc priest is almost dead.
You constrict the orc priest.
The gnoll hits you from afar with a +0 spear!
* * * LOW HITPOINT WARNING * * *
The orc priest hits you with a +0 whip.
You die...

.o....#########
...........[..
............##
..........<..#####
.......................
..................####.
###g..o............##
#..#.########.#...## #
#o..+≈S ####@## .#
#.)########...o#######.##
#....#..#####g.........##
#......#####............
#.[........g.#.........#
##.#go...##...#.........#
####..#)###......##...##...#
.......<####.....#..#.###..#
.........$.................


You could see an orc priest and 2 gnolls.

Vanquished Creatures
  A necrophage (D:3)
  An ogre (D:4)
  A jelly (D:4)
  An orc priest (D:4)
  Natasha (twice) (D:2)
  2 orc wizards (D:4)
  A gnoll (D:4)
  2 adders
  An adder skeleton (D:4)
  A dart slug (D:3)
  13 orcs
  5 ball pythons
  8 bats
  3 endoplasms
  6 giant cockroaches
  6 goblins
  9 hobgoblins
  4 jackals (D:2)
  5 kobolds
  3 quokkas
  2 frilled lizards
  3 rats
80 creatures vanquished.

Notes
Turn   | Place    | Note
-------+----------+-------------------------------------------
     0 | D:1      | Atelerd the Octopode Earth Elementalist began the quest for
                  | the Orb.
     0 | D:1      | Reached XP level 1. HP: 11/11 MP: 3/3
   149 | D:1      | Found a faded altar of an unknown god.
   232 | D:1      | Reached XP level 2. HP: 9/17 MP: 1/5
   600 | D:1      | Reached skill level 3 in Stealth
   658 | D:1      | Found Sagegg's Antique Armour Emporium.
  1468 | D:2      | Noticed Natasha
  1470 | D:2      | Reached XP level 3. HP: 19/21 MP: 6/6
  1475 | D:2      | Killed Natasha
  1784 | D:2      | Found a white marble altar of Elyvilon.
  1824 | D:2      | Reached XP level 4. HP: 25/27 MP: 5/7
  2315 | D:2      | Noticed Natasha
  2322 | D:2      | Killed Natasha
  2702 | D:2      | Learned a level 4 spell: Petrify
  2809 | D:3      | Noticed a necrophage
  2873 | D:3      | Killed a necrophage
  2874 | D:3      | Reached skill level 4 in Stealth
  2874 | D:3      | Reached XP level 5. HP: 27/31 MP: 1/9
  3849 | D:3      | Reached XP level 6. HP: 29/36 MP: 10/10
  4457 | D:4      | Found a runed translucent door.
  4674 | D:4      | Noticed an orc warrior
  4978 | D:3      | Reached XP level 7. HP: 31/41 MP: 9/11
  5056 | D:4      | Reached skill level 5 in Stealth
  5352 | D:4      | Slain by an orc priest

Illustrated notes

Levels and vault maps discovered:
D:1:      amcnicky_arrival_choice, layout_loops_corners,
          shapermc_ecumenical_altar_starsandcircs, serial_shops,
          nicolae_shop_behind_doors
D:2:      layout_basic, basic_altar, uniq_natasha
D:3:      layout_basic, serial_park_tiny_pond, minmay_misc_feat_more_columns,
          minivault_5
D:4:      layout_rooms, gammafunk_temple_overflow_pools, ebering_ghost_sewer_d,
          minmay_manual_mares

Skill      XL: |  1  2  3  4  5  6  7 |
---------------+----------------------+-----
Stealth        | 3 4 5 |  5.0
Transmutations | 2 3 |  3.9
Earth Magic    | 4 |  4.7
Spellcasting   | 3 |  3.3
Dodging        | |  2.7

Action                   |  1- 3 |  4- 6 |  7- 9 || total
-------------------------+-------+-------+-------++-------
Melee: Unarmed           |     6 |       |       ||     6
       Constrict         |    13 |    18 |     1 ||    32
       Tentacles         |     8 |    16 |     2 ||    26
       Whip              |    39 |     6 |       ||    45
       Dagger            |     1 |    55 |     4 ||    60
       Punch             |       |     1 |       ||     1
 Cast: Sandblast         |    12 |    45 |    10 ||    67
 Stab: Sleeping          |     8 |    10 |       ||    18
Armor: Skin              |     5 |     5 |     1 ||    11
Dodge: Dodged            |    38 |    37 |     4 ||    79
